Unix NetHack Version 5.0.0-0 post-release - last build Jun 10 2026 00:39:30 (3ee93aec679c4c4259841fe613dc97188e26a321,branch:main).

Game began 2026-06-23 18:21:56, ended 2026-06-23 22:01:38.

FalseGod, chaotic male human Wizard

                                                            ---------------
    ------                          ------------           #-.............|
    |....|                      ####...........|           #|>.*..........|
    |....|      -------------  ##   |...........#          #|......*......|
    |.....##    |...........|  #    |..........|#          #-------|-------
    --|--- #    |...........|  #    |..........|#          #       ####
      #    #### |...........|  #    --------.---#          #          #
      #       ##|d:<.........###       ######   #          #          ##
     %#        #|@e.....[...|         ##        #          #           #
    ##         #..b..........##       #    #    #        ####################
   -|------     ------------- #    ---|----|-############# #    -------.----.-
   |.[=...|                   #    |........|#   #         #    |............|
   |*.%%.)|                   #    |........|#   #         #    |............|
   |*[!...|                   #####|........|#   ###       #    |............|
   |)....%|                       #|..^.....|#     ##      #    |............|
   --------                       #.........|#      #------#    |............|
                            ###   #----------#      #|{....#    --------------
                             0################      #.....|
                                                     ------

FalseGod the Conjurer     St:10 Dx:14 Co:16 In:15 Wi:9 Ch:10  Chaotic
Dlvl:2  $:150 HP:0(31) Pw:39(39) AC:3  Xp:5 T:3087 

Latest messages:
 You hit the floating eye!
 You are frozen by the floating eye's gaze!
 The newt bites!
 The newt bites!
 The newt bites!
 The newt misses!
 The newt bites!
 The newt bites!
 The newt bites!
 The newt bites!
 The newt bites!
 The newt bites!
 The newt just misses!
 The newt bites!
 The newt bites!
 The newt misses!
 The newt bites!
 You hear some noises in the distance.
 The newt bites!
 The newt bites!
 The newt bites!
 The newt bites!
 The newt bites!
 The newt bites!
 The newt bites!
 The newt bites!
 The newt bites!
 The newt bites!
 The newt misses!
 The newt misses!
 The newt bites!
 The newt bites!
 The newt bites!
 The newt misses!
 The newt misses!
 The newt bites!
 The newt bites!
 The newt bites!
 You hear some noises in the distance.
 You hear a blast.
 The newt bites!
 The newt bites!
 The newt bites!
 The fox bites!
 You die...
 Do you want your possessions identified? [ynq] (y) y
 Do you want to see your attributes? [ynq] (y) n
 Do you want an account of creatures vanquished? [ynaq] (y) n
 Do you want to see your conduct and achievements? [ynq] (y) n
 Do you want to see the dungeon overview? [ynq] (y) n

Inventory:
 Coins    ('$')
  $ - 150 gold pieces
 Weapons  (')')
  I - a +0 dagger
  a - a blessed +1 quarterstaff (weapon in hands)
 Armor    ('[')
  q - an uncursed +0 helm of caution (being worn)
  D - a cursed +0 pair of leather gloves named cursed (being worn)
  Q - an uncursed +0 pair of high boots (being worn)
  u - a blessed +1 alchemy smock with text "Kiss the cook"
  b - an uncursed +0 cloak of magic resistance (being worn)
  v - an uncursed +0 leather armor (being worn)
 Comestibles  ('%')
  N - an uncursed cram ration
  s - an uncursed cream pie
  K - 2 uncursed food rations
 Scrolls  ('?')
  f - an uncursed scroll of charging
  E - a cursed scroll of destroy armor
  d - an uncursed scroll of earth
  k - 2 uncursed scrolls of enchant armor
  j - a blessed scroll of enchant weapon
  y - an uncursed scroll of enchant weapon
  L - an uncursed scroll of scare monster
 Potions  ('!')
  w - an uncursed potion of extra healing
  x - a blessed potion of gain energy
  B - an uncursed potion of healing
  o - an uncursed potion of see invisible
 Rings    ('=')
  e - an uncursed ring of shock resistance
 Wands    ('/')
  M - a wand of enlightenment (0:10)
  c - a wand of sleep (0:5)
 Tools    ('(')
  n - a magic marker (0:19)
  p - a +0 pick-axe
  O - an uncursed skeleton key

FalseGod the Wizard's attributes:

Background:
 You were a Conjurer, a level 5 male human Wizard.
 You were chaotic, on a mission for Anhur
 who was opposed by Ptah (lawful) and Thoth (neutral).
 You were right-handed.
 You were in the Dungeons of Doom, on level 2.
 You entered the dungeon 3087 turns ago.
 It was nighttime.
 You had 191 experience points, 129 more were needed to attain level 6.

Basics:
 You had 0 out of 31 hit points.
 You had all 39 energy points (spell power).
 Your armor class was 3.
 Your wallet contained 150 zorkmids.
 Autopickup was off.

Final Characteristics:
 Your strength was 10 (limit:18/100).
 Your dexterity was 14 (peak:15, limit:18).
 Your constitution was 16 (limit:18).
 Your intelligence was 15 (limit:18).
 Your wisdom was 9 (limit:18).
 Your charisma was 10 (limit:18).

Final Status:
 You weren't hungry.
 You were unencumbered.
 You were wielding a quarterstaff.
 You had basic skill with quarterstaff.

Final Attributes:
 You were piously aligned.
 You were magic-protected.
 You were telepathic.
 You were warned.
 You were warded.
 You are dead.

Miscellaneous:
 You didn't encounter any bones levels.
 Total elapsed playing time was 1 hour, 11 minutes and 9 seconds.

Major events:
 Turn
    1: FalseGod the chaotic male human Wizard entered the dungeon
 1354: attained the rank of Conjurer (level 3)
 1962: entered the Gnomish Mines
 2247: read a Discworld novel
 3087: killed by a fox, while frozen by a floating eye's gaze

Spells:
 Name                 Level Category     Fail Retention
 force bolt             1   attack         0%   81%-90%
 stone to flesh         3   healing      100%  76%-100%
 light                  1   divination     0%  76%-100%
 detect monsters        1   divination     0%  76%-100%
 extra healing          3   healing      100%  76%-100%

Skills:
 Fighting Skills
   bare handed combat [Unskilled]
   riding             [Unskilled]
 Weapon Skills
   dagger             [Unskilled]
   knife              [Unskilled]
   axe                [Unskilled]
   short sword        [Unskilled]
   club               [Unskilled]
   mace               [Unskilled]
   quarterstaff       [Basic]
   polearms           [Unskilled]
   spear              [Unskilled]
   trident            [Unskilled]
   sling              [Unskilled]
   dart               [Unskilled]
   shuriken           [Unskilled]
 Spellcasting Skills
   attack spells      [Basic]
   healing spells     [Unskilled]
   divination spells  [Unskilled]
   enchantment spells [Basic]
   clerical spells    [Unskilled]
   escape spells      [Unskilled]
   matter spells      [Unskilled]

Voluntary challenges:
 Character rerolling was not enabled.
 You never genocided any monsters.
 You never polymorphed an object.
 You never changed form.
 You used no wishes.
Achievements:
 You entered a shop.
 You attained the rank of Conjurer.
 You entered the Gnomish Mines.
 You read from a Discworld novel.

 The Dungeons of Doom: levels 1 to 5
    Level 1:
       Some fountains.
    Level 2: <- You were here.
       A general store, a fountain.
       Final resting place for
          you, killed by a fox, while frozen by a floating eye's gaze.
    Level 3: "spooks"
       A bookstore, a grave.
    Level 4:
       Stairs down to The Gnomish Mines.
    Level 5:
 The Gnomish Mines:
    Level 5:


Vanquished creatures:
  a gnome leader
  a gnomish wizard
  3 little dogs
  a floating eye
  a dwarf
  a homunculus
  a kobold shaman
  a werejackal
  2 iguanas
  2 gas spores
  2 hobbits
  a hobgoblin
  a brown mold
  a yellow mold
  a green mold
  4 gnomes
  3 geckos
  6 jackals
  3 kobolds
  3 goblins
  4 sewer rats
  3 grid bugs
  3 lichens
  4 kobold zombies
 12 newts
65 creatures vanquished.

No species were genocided or became extinct.

Game over:
                       ----------
                      /          \
                     /    REST    \
                    /      IN      \
                   /     PEACE      \
                  /                  \
                  |     FalseGod     |
                  |      150 Au      |
                  | killed by a fox  |
                  |                  |
                  |                  |
                  |                  |
                  |       2026       |
                 *|     *  *  *      | *
        _________)/\\_//(\/(/\)/\//\/|_)_______

Goodbye FalseGod the Wizard...

You died in The Dungeons of Doom on dungeon level 2 with 1119 points,
and 150 pieces of gold, after 3087 moves.
You were level 5 with a maximum of 31 hit points when you died.

